Map: Ulrena

Players

zidar - Winner!

  • Race: Zerg Zerg
  • League: Silver
  • Spawn Location: 11:00

adrian

  • Race: Protoss Protoss
  • League: Gold
  • Spawn Location: 7:00

VOD

Have the link to the VOD?

Description

Time

  • Played on: Nov. 17, 2015, 1:51 p.m.
  • Length: 13:04
Show
View Real Time Build Order
Export as new Build Order

zidar Zerg - Winner!

Build Orders: Hatch First 

Get SALT Encoding   

  12  0:01  Drone  
  13  0:12  Overlord  
  13  0:17  Drone  
  14  0:30  Drone x2  
  16  0:37  Drone  
  17  0:48  Overlord  
  17  1:06  Hatchery  
  17  1:07  Drone  
  17  1:19  Spawning Pool  
  16  1:46  Extractor  
  14  1:58  Drone  
  14  1:59  Drone  
  14  2:01  Overlord  
  16  2:15  Queen  
  18  2:17  Zergling x2  
  19  2:29  Zergling x4  
  21  2:45  Roach Warren  
  21  2:47  Extractor, Drone  
  21  2:48  Drone  
  22  2:51  Zergling x4  
  22  2:54  Queen  
  25  3:04  Metabolic Boost  
  25  3:10  Drone  
  25  3:11  Drone  
  27  3:35  Drone x3  
  27  3:36  Drone  
  27  3:40  Roach  
  27  3:41  Roach x2  
  36  4:09  Roach  
  42  4:10  Roach x2  
  42  4:12  Overlord x2  
  42  4:31  Roach  
  42  4:32  Roach x3  
  42  4:35  Zergling x2  
  51  4:54  Overlord  
  51  4:55  Overlord  
  51  4:56  Overlord  
  51  5:08  Evolution Chamber  
  50  5:18  Drone x6  
  43  5:58  Roach x9  
  49  6:28  Roach x5  
  51  6:41  Zerg Ground Armor Level 1  
  51  6:50  Roach  
  51  6:51  Roach x6  
  65  7:20  Lair  
  65  7:28  Drone x9  
  74  8:07  Extractor  
  74  8:10  Extractor  
  72  8:19  Hatchery  
  71  8:30  Hydralisk Den  
  71  8:32  Roach x3  
  76  8:35  Overlord x3  
  76  8:40  Zerg Missile Weapons Level 1  
  76  9:08  Ravager  
  76  9:09  Ravager x3  
  81  9:10  Ravager  
  81  9:12  Ravager x2  
  83  9:19  Hatchery  
  82  9:25  Roach x9  
  100  9:40  Queen  
  100  9:45  Overlord  
  94  9:54  Overseer  
  83  10:11  Hatchery  
  77  11:02  Overseer  
  42  11:55  Roach  
  42  11:56  Roach x7  
Show
View Real Time Build Order
Export as new Build Order

adrian Protoss 

Build Orders:  

Get SALT Encoding   

  12  0:01  Probe (Chrono Boost)  
  13  0:11  Probe (Chrono Boost)  
  14  0:19  Pylon  
  14  0:25  Probe (Chrono Boost)  
  15  0:37  Probe (Chrono Boost)  
  16  0:43  Gateway  
  16  0:52  Gateway  
  16  1:10  Probe (Chrono Boost)  
  17  1:14  Gateway  
  17  1:21  Probe (Chrono Boost)  
  18  1:30  Zealot  
  20  1:46  Cybernetics Core  
  20  1:47  Assimilator  
  20  1:54  Pylon  
  20  1:57  Zealot  
  22  2:12  Zealot x2  
  26  2:25  Probe (Chrono Boost)  
  27  2:35  Probe (Chrono Boost)  
  28  2:44  Warp Gate (Chrono Boost)  
  28  2:55  Gateway  
  28  2:57  Gateway  
  28  3:01  Probe (Chrono Boost)  
  28  3:02  Assimilator  
  29  3:12  Probe (Chrono Boost)  
  30  3:24  Pylon  
  30  3:42  Stalker x3  
  36  4:05  Probe  
  37  4:14  Twilight Council  
  37  4:42  Robotics Facility  
  37  4:47  Adept  
  37  4:51  Pylon  
  39  4:54  Charge  
  39  5:10  Adept x3  
  39  5:11  Adept  
  47  5:24  Pylon  
  47  5:26  Pylon  
  47  5:42  Warp Prism  
  37  6:26  Adept x3  
  37  6:27  Adept x2  
  35  6:59  Adept x2  
  35  7:00  Adept  
  41  7:19  Immortal  
  41  7:21  Resonating Glaives  
  45  7:36  Zealot x2  
  45  7:37  Zealot x2  
  51  7:39  Zealot  
  45  7:57  Dark Shrine  
  49  7:58  Immortal  
  49  8:04  Adept  
  49  8:05  Adept x4  
  59  8:27  Stalker x2  
  59  8:31  Pylon  
  59  8:33  Pylon  
  63  9:24  Nexus  
  63  9:39  Dark Templar x3  
  63  10:16  Dark Templar x2  
  63  10:17  Dark Templar  
  69  10:30  Pylon  
  45  11:14  Adept x4  
  39  11:18  Adept  
  41  11:29  Probe  
  36  11:39  Probe  
  27  11:54  Adept  
  29  12:12  Adept  
  31  12:17  Adept  
  33  12:23  Adept  
  33  12:29  Adept  
  35  12:34  Adept  
  29  12:41  Adept  
  29  12:50  Dark Templar  
Tags
 
Matchup
PvZ
Spawn Locations
Close Positions
Add a new tag
Caveats
  • Supply blocks, unpowered buildings, or Contaminate may cause inaccurate times.
  • Supply counts are checked every 10 seconds.